 Dungeon Crawl Stone Soup version 0.18.1-8-gdd0e5ea (webtiles) character file.

14507 Implojin the Fighter (level 11, -2/93 HPs)
             Began as a Mummy Monk on May 22, 2016.
             Slain by a black mamba (14 damage)
             ... on level 1 of the Lair of Beasts.
             The game lasted 01:19:59 (28623 turns).

Implojin the Fighter (Mummy Monk)                  Turns: 28623, Time: 01:19:59

Health: -2/93      AC:  9    Str: 16    XL:     11   Next: 89%
Magic:  11/11      EV: 20    Int:  9    God:
Gold:   1107       SH:  0    Dex: 17    Spells: 0 memorised, 10 levels left

rFire  x . .     SeeInvis .       - Unarmed
rCold  + + .     Gourm    .     (no armour)
rNeg   + + +     Faith    .     (no shield)
rPois  ∞         Spirit   .     d - +2 helmet
rElec  .         Dismiss  .     n - +2 cloak
rCorr  .         Reflect  .     (no gloves)
SustAt .         Harm     .     z - +2 pair of boots
MR     +....                    (no amulet)
Stlth  +++.......               G - ring of stealth
                                g - ring of protection from cold

@: about to teleport, somewhat resistant to hostile enchantments, fairly
stealthy
A: no food or potions, fire vulnerability, cold resistance 1, negative energy
resistance 3, torment resistance, unbreathing
a: no special abilities


You were on level 1 of the Lair of Beasts.
You were not hungry.

You visited 3 branches of the dungeon, and saw 16 of its levels.
You also visited: Sewer.

You collected 1107 gold pieces.

Inventory:

Armour
 d - a +2 helmet (worn)
 n - a +2 cloak (worn)
 z - a +2 pair of boots (worn)
Magical Staves
 x - an uncursed staff of cold {unknown}
 D - an uncursed staff of fire {unknown}
Jewellery
 c - an uncursed ring of flight
 f - an uncursed amulet of harm {unknown}
 g - a ring of protection from cold (left hand)
 j - an uncursed amulet of dismissal {unknown}
 G - a ring of stealth (right hand)
Wands
 i - a wand of teleportation (5/9)
 v - a wand of enslavement (7/24)
 y - a wand of disintegration (1/24)
 B - a wand of hasting (5/9)
 E - a wand of flame (25/48)
Scrolls
 a - 3 scrolls of amnesia
 e - 7 scrolls of remove curse
 k - 4 scrolls of immolation
 l - 3 scrolls of teleportation
 m - 8 scrolls of identify
 o - 2 scrolls of random uselessness
 t - 2 scrolls of recharging
 F - a scroll of magic mapping
Potions
 h - 6 potions of haste {unknown}
 p - 2 potions of heal wounds {unknown}
 q - a potion of magic {unknown}
 r - 2 potions of might {unknown}
 s - 2 potions of flight {unknown}
Books
 u - a book of Debilitation

   Spells                             Type                      Level
   a - Corona                         Hexes                        1
   b - Slow                           Hexes                        2
   c - Gell's Gravitas                Hexes/Translocation          3
   d - Inner Flame                    Hexes/Fire                   3
   e - Cause Fear                     Hexes                        4
   f - Leda's Liquefaction            Hexes/Earth                  4
 w - a book of Spatial Translocations

   Spells                             Type                      Level
   a - Apportation                    Translocation                1
   b - Blink                          Translocation                2
   c - Shroud of Golubria             Charms/Translocation         2
   d - Portal Projectile              Translocation                3
   e - Teleport Other                 Translocation                3
   f - Passage of Golubria            Translocation                4
 A - a book of Beasts

   Spells                             Type                      Level
   a - Summon Butterflies             Summoning                    1
   b - Call Canine Familiar           Summoning                    3
   c - Summon Ice Beast               Ice/Summoning                4
   d - Summon Mana Viper              Hexes/Summoning              5
   e - Summon Hydra                   Summoning                    7
 C - a book of Unlife

   Spells                             Type                      Level
   a - Recall                         Summoning/Translocation      3
   b - Animate Dead                   Necromancy                   4
   c - Control Undead                 Necromancy                   4
   d - Cigotuvi's Embrace             Necromancy                   5
   e - Death Channel                  Necromancy                   6
   f - Simulacrum                     Ice/Necromancy               6
 H - a book of Envenomations

   Spells                             Type                      Level
   a - Spider Form                    Transmutation/Poison         3
   b - Olgreb's Toxic Radiance        Poison                       4
   c - Alistair's Intoxication        Transmutation/Poison         5
   d - Poisonous Cloud                Conjuration/Poison/Air       6
 I - a book of Maledictions

   Spells                             Type                      Level
   a - Corona                         Hexes                        1
   b - Ensorcelled Hibernation        Hexes/Ice                    2
   c - Confuse                        Hexes                        3
   d - Tukima's Dance                 Hexes                        3
   e - Dazzling Spray                 Conjuration/Hexes            3
 J - a book of Flames

   Spells                             Type                      Level
   a - Flame Tongue                   Conjuration/Fire             1
   b - Throw Flame                    Conjuration/Fire             2
   c - Conjure Flame                  Conjuration/Fire             3
   d - Inner Flame                    Hexes/Fire                   3
   e - Sticky Flame                   Conjuration/Fire             4
   f - Fireball                       Conjuration/Fire             5
Comestibles
 b - 10 bread rations (quivered)


   Skills:
 - Level 11.0 Fighting
 - Level 10.2 Dodging
 - Level 1.5 Stealth
 * Level 10.1 Unarmed Combat


You had 10 spell levels left.
You didn't know any spells.

Dungeon Overview and Level Annotations

Branches:
Dungeon (12/15)            Temple (0/1) D:7            Lair (2/8) D:9
    Orc (2/2) D:11            Elf (0/3) Orc:2

Altars:
Cheibriados
Fedhas
Gozag
Kikubaaqudgha
Makhleb
Nemelex Xobeh
Okawaru
Pakellas
Trog
Vehumet
Yredelemnul
Zin
The Shining One

Annotations:
D:2 exclusion: downstairs
D:4 exclusion: door
D:8 !hell hound wandering, care, exclusion: upstairs
D:9 !azrael? (hell hounds wandering), + trmo ghost, andaisq's ghost, novice TrMo
D:10 elorcha care, hill giant stairs care, exclusions: upstairs and 4 more exclusions, Erolcha
D:12 !pack of high HD undead, probably josephine
Lair:1 black mamba, hippogriff, komodo dragon parked, exclusion: downstairs
Lair:2 urug, exclusions: plant, upstairs and 2 more exclusions, Urug
Orc:1 exclusion: 2 downstairs
Orc:2 donald, maurice, orc knight, Donald; Maurice


Innate Abilities, Weirdness & Mutations

You do not eat or drink.
Your flesh is vulnerable to fire.
You are immune to poison.
Your flesh is cold resistant.
You are immune to negative energy.
You are immune to unholy pain and torment.
You can survive without breathing.


Message History

You hit the black mamba.
The black mamba is heavily wounded.
The black mamba bites you.
You barely miss the black mamba.
The black mamba is heavily wounded.
The black mamba bites you but does no damage.
The black mamba misses you.
You miss the black mamba.
The black mamba is heavily wounded.
The black mamba closely misses you.
You hit the black mamba.
The black mamba is heavily wounded.
The black mamba closely misses you. The black mamba completely misses you.
You closely miss the black mamba.
You punch the black mamba, but do no damage.
The black mamba is heavily wounded.
The black mamba misses you.
You hit the black mamba but do no damage.
The black mamba is heavily wounded.
The black mamba completely misses you. The black mamba bites you!!
You hit the black mamba but do no damage.
The black mamba is heavily wounded.
The black mamba bites you!
* * * LOW HITPOINT WARNING * * *
The black mamba bites you but does no damage.
The black mamba bites you.
* * * LOW HITPOINT WARNING * * *
There is a stone staircase leading up here.
The black mamba misses you. The spiny frog stings you!!
* * * LOW HITPOINT WARNING * * *
You climb upwards.
Level annotation: black mamba, hippogriff, komodo dragon parked, exclusion: downstairs
There is a stone staircase leading down here.
Unknown command.
Read which item? (? for menu, Esc to quit)
As you read the scroll of teleportation, it crumbles to dust.
You feel strangely unstable. The black mamba bites you.
* * * LOW HITPOINT WARNING * * *
The black mamba bites you!
You die...

## ### ####........#P#P###
.###.###P#..............}#######
...................###.........##
...................# ##.######..#
#..##.....#........###..# #..##
##.#P....#..........##.## #..#
#..##....##........###.## #.##
.......<...#....##......#####.##
♣♣♣........P....@S.............#
♣............................#
♣.....................#####..#
♣♣♣........#[...........P# #...#
.................#......## #####
............#....##.#.###
........................##
............##...(.......#
........................##


You could see a black mamba.

Vanquished Creatures
  A hill giant (D:10)
  2 cyclopes
  2 centaur skeletons
  The ghost of PoisonMushroom the Chiller, a novice NaIE (D:5)
  2 spiny frogs
  A komodo dragon (Lair:1)
  2 wraiths (D:10)
  6 yaks
  A wyvern (D:10)
  3 hippogriffs
  3 steam dragons
  A human (D:11)
  A hungry ghost (D:10)
  6 wargs
  4 water moccasins
  2 porcupines
  A hell hound (D:11)
  11 orc warriors
  2 ice beasts
  2 black bears
  3 phantoms
  4 sky beasts
  11 ogres
  4 centaurs
  3 crocodiles
  A big kobold (D:7)
  A water moccasin zombie (D:7)
  11 giant frogs
  4 scorpions
  5 killer bees
  16 wights
  2 howler monkeys
  7 crimson imps
  A centaur zombie (D:9)
  2 giant frog zombies
  2 quasits
  10 orc priests
  5 hounds
  2 giant frog skeletons
  A gnoll shaman (D:4)
  A jelly (D:8)
  10 orc wizards
  8 worker ants
  8 iguanas
  A statue (D:6)
  2 hound zombies
  2 hound skeletons
  A worker ant zombie (D:6)
  7 gnolls
  6 river rats
  18 adders
  4 shadow imps
  3 oozes
  10 worms
  4 dart slugs
  8 giant geckos
  51 orcs
  7 giant cockroaches
  13 goblins
  7 hobgoblins
  22 jackals
  19 kobolds
  7 quokkas
  7 ball pythons
  A ball python skeleton (D:6)
  3 bats
  6 giant newts
  A jackal skeleton (D:5)
  2 quokka skeletons
  A quokka zombie (D:9)
  13 rats
402 creatures vanquished.

Vanquished Creatures (others)
  An orc wizard (D:8)
  An orc (D:8)
  2 fungi (Orc:2)
4 creatures vanquished.

Grand Total: 406 creatures vanquished

Notes
Turn   | Place    | Note
--------------------------------------------------------------
     0 | D:1      | Implojin the Mummy Monk began the quest for the Orb.
     0 | D:1      | Reached XP level 1. HP: 18/18 MP: 1/1
   141 | D:1      | Reached XP level 2. HP: 23/24 MP: 2/2
   573 | D:1      | Reached skill level 4 in Unarmed Combat
   672 | D:1      | Reached XP level 3. HP: 17/29 MP: 3/3
  1912 | D:1      | Reached XP level 4. HP: 30/35 MP: 4/4
  2225 | D:2      | Reached skill level 5 in Unarmed Combat
  2831 | D:3      | Reached XP level 5. HP: 36/41 MP: 5/5
  3624 | D:4      | Noticed an ogre
  3981 | D:4      | Reached skill level 6 in Unarmed Combat
  4139 | D:4      | Reached XP level 6. HP: 31/47 MP: 6/6
  4837 | D:4      | Reached skill level 4 in Fighting
  5706 | D:5      | Entered Level 5 of the Dungeon
  5706 | D:5      | Noticed a sky beast
  5708 | D:5      | Noticed PoisonMushroom's ghost (novice NaIE)
  5728 | D:4      | Reached skill level 5 in Fighting
  5864 | D:5      | Reached XP level 7. HP: 47/56 MP: 7/7
  5942 | D:5      | Found a glowing golden altar of the Shining One.
  5943 | D:5      | Found a bloodstained altar of Trog.
  6014 | D:5      | Found an ancient bone altar of Kikubaaqudgha.
  6014 | D:5      | Found a blossoming altar of Fedhas.
  6063 | D:5      | Found a glowing drain.
  6109 | D:5      | Reached skill level 6 in Fighting
  6136 | Sewer    | Entered a sewer
  6957 | D:4      | Reached skill level 3 in Dodging
  7091 | D:5      | Killed PoisonMushroom's ghost
  7091 | D:5      | Reached skill level 4 in Dodging
  7091 | D:5      | Reached XP level 8. HP: 34/64 MP: 8/8
  7324 | D:5      | Reached skill level 5 in Dodging
  8064 | D:5      | Found a burning altar of Makhleb.
  8064 | D:5      | Found a sparkling altar of Nemelex Xobeh.
  8171 | D:6      | Found an iron altar of Okawaru.
  8226 | D:6      | Reached skill level 6 in Dodging
  8944 | D:6      | Reached skill level 7 in Dodging
  9353 | D:6      | Found a radiant altar of Vehumet.
 10095 | D:3      | Reached XP level 9. HP: 59/71 MP: 9/9
 10175 | D:4      | Reached skill level 7 in Fighting
 11015 | D:6      | Found a blossoming altar of Fedhas.
 11375 | D:7      | Reached skill level 7 in Unarmed Combat
 11420 | D:7      | Found an oddly glowing altar of Pakellas.
 11578 | D:7      | Noticed a cyclops
 12634 | D:7      | Killed a cyclops
 12634 | D:7      | Reached skill level 8 in Unarmed Combat
 12876 | D:7      | Found a staircase to the Ecumenical Temple.
 12901 | D:8      | Found an iron altar of Okawaru.
 13678 | D:8      | Reached skill level 8 in Fighting
 14219 | D:8      | Reached XP level 10. HP: 77/80 MP: 10/10
 14733 | D:9      | Noticed andaisq's ghost (novice TrMo)
 14996 | D:9      | Reached skill level 8 in Dodging
 15359 | D:10     | Entered Level 10 of the Dungeon
 15386 | D:8      | Reached skill level 9 in Unarmed Combat
 16347 | D:9      | Found a basalt altar of Yredelemnul.
 16993 | D:8      | Reached skill level 9 in Fighting
 17265 | D:9      | Found a snail-covered altar of Cheibriados.
 17644 | D:10     | Noticed Erolcha
 17731 | D:10     | Reached skill level 9 in Dodging
 17789 | D:10     | Noticed a hill giant
 18114 | D:9      | Found an opulent altar of Gozag.
 18117 | D:9      | Found a glowing silver altar of Zin.
 18176 | D:9      | Found a staircase to the Lair.
 18183 | Lair:1   | Entered Level 1 of the Lair of Beasts
 19599 | D:10     | Reached XP level 11. HP: 14/90 MP: 11/11
 20652 | D:10     | Killed a hill giant
 20652 | D:10     | Reached skill level 10 in Fighting
 22427 | D:11     | Found a staircase to the Orcish Mines.
 22497 | D:11     | Reached skill level 10 in Unarmed Combat
 23065 | D:12     | Noticed a death knight
 23065 | D:12     | Noticed a phantasmal warrior
 23066 | D:12     | Noticed a skeletal warrior
 23120 | Orc:1    | Entered Level 1 of the Orcish Mines
 23959 | Orc:1    | Reached skill level 10 in Dodging
 24697 | Orc:2    | Entered Level 2 of the Orcish Mines
 25181 | Orc:2    | Found a staircase to the Elven Halls.
 25185 | Orc:2    | Noticed an orc knight
 25646 | Orc:2    | Noticed Donald
 25660 | Orc:2    | Noticed Maurice
 25729 | Orc:2    | Noticed an orc high priest
 26963 | Lair:2   | Noticed Urug
 28150 | Lair:2   | Reached skill level 11 in Fighting
 28539 | Lair:2   | Found a radiant altar of Vehumet.
 28623 | Lair:1   | Slain by a black mamba

Skill      XL: |  1  2  3  4  5  6  7  8  9 10 11 |
---------------+----------------------------------+-----
Unarmed Combat | 4 5 6 8 9 10 | 10.1
Fighting       | 5 6 8 9 11 | 11.0
Dodging        | 4 7 9 10 | 10.2
Stealth        | |  1.5

Action                   |  1- 3 |  4- 6 |  7- 9 | 10-12 || total
-------------------------+-------+-------+-------+-------++-------
Melee: Unarmed           |   166 |   295 |   804 |  1073 ||  2338
       Punch             |     3 |    13 |    25 |    61 ||   102
  Use: Scroll            |     3 |     5 |     5 |     8 ||    21
 Stab: Sleeping          |     2 |     7 |     3 |     5 ||    17
       Distracted        |       |       |     2 |     4 ||     6
       Confused          |       |       |       |     5 ||     5
Armor: Skin              |    21 |    64 |   130 |   154 ||   369
Dodge: Dodged            |   100 |   146 |   525 |   820 ||  1591

Table legend:
 A = Turns spent in this place as a percentage of turns spent in the entire game.
 B = Non-inter-level travel turns spent in this place as a percentage of non-inter-level travel turns spent in the entire game.
 C = Inter-level travel turns spent in this place as a percentage of turns spent in this place.
 D = Turns resting spent in this place as a percentage of non-inter-level travel turns spent in this place.
 E = Turns spent auto-exploring this place as a percentage of non-inter-level travel turns spent in this place.
 F = Non-inter-level travel turns spent in this place divided by the number of levels of this place that you've seen.
                   A       B       C       D       E      F
               +-------+-------+-------+-------+-------+----------------------
         Total | 100.0 | 100.0 |   0.4 |   3.6 |   2.8 | 636.4
       Dungeon |  79.1 |  79.1 |   0.5 |   4.0 |   3.1 | 712.8
          Lair |  11.3 |  11.3 |   0.0 |   2.1 |   2.0 | 612.0
  Orcish Mines |   6.3 |   6.3 |   0.3 |   2.9 |   1.3 | 339.0
         Sewer |   3.3 |   3.4 |   0.0 |   2.2 |   1.6 | 364.0
               +-------+-------+-------+-------+-------+----------------------

Table legend:
 A = Kills in this place as a percentage of kills in entire the game.
 B = Kills by you in this place as a percentage of kills by you in the entire game.
 C = Kills by friends in this place as a percentage of kills by friends in the entire game.
 D = Other kills in this place as a percentage of other kills in the entire game.
 E = Experience gained in this place as a percentage of experience gained in the entire game.
 F = Experience gained in this place divided by the number of levels of this place that you have seen.
                   A       B       C       D       E      F
               +-------+-------+-------+-------+-------+----------------------
         Total | 100.0 | 100.0 |  -nan | 100.0 | 100.0 | 1219.1
       Dungeon |  84.4 |  84.3 |  -nan | 100.0 |  80.5 | 1389.5
          Lair |   4.0 |   4.0 |  -nan |   0.0 |  10.7 | 1110.5
  Orcish Mines |   6.5 |   6.5 |  -nan |   0.0 |   8.5 | 876.0
         Sewer |   5.2 |   5.2 |  -nan |   0.0 |   0.4 |  78.0
               +-------+-------+-------+-------+-------+----------------------
